General information
- name: BNet
- type: Ladder team game (AT/RT)
- host: Battle.net
- saver: walls-of-china
map: FullScaleAssault
- players: 8
- length: 52:31
- speed: Fast
- version: 1.26 W3XP
- replay type: Public
» download(240 KB)
Players
team 1 (winner)
DementedElf (
purple | 33 APM | 1737 actions | 52:29)
5 Blademaster
2 Wind Walk
3 Critical Strike
5 Shadow Hunter
2 Healing Wave
3 Hex
2 Dark Ranger
1 Black Arrow
1 Silence
» actions
| Assign group hotkey | 46 | |
| Basic commands | 30 | |
| Build / train | 110 | |
| Enter build submenu | 53 | |
| Enter hero's abilities submenu | 12 | |
| Give item / drop item | 2 | |
| Remove unit from queue | 9 | |
| Right click | 281 | |
| Select / deselect | 519 | |
| Select group hotkey | 534 | |
| Use ability | 137 | |
1737 total
» units
| Peon | 22 | |
| Grunt | 6 | |
| Goblin Zeppelin | 1 | |
| Troll Witch Doctor | 8 | |
| Goblin Shredder | 1 | |
| Tauren | 7 | |
| Spirit Walker | 2 | |
| Troll Batrider | 14 | |
61 total
» upgrades
| Berserker Strength | 1 | |
| Spiked Barricades | 1 | |
| Melee Weapons | 3 | |
| Armor | 3 | |
| Witch Doctor Training | 2 | |
| Pillage | 1 | |
| Backpack | 1 | |
| Pulverize | 1 | |
| Spirit Walker Training | 2 | |
15 total
» buildings
| Altar of Storms | 2 | |
| Orc Burrow | 13 | |
| Barracks | 1 | |
| Stronghold | 2 | |
| War Mill | 2 | |
| Voodoo Lounge | 2 | |
| Spirit Lodge | 1 | |
| Watch Tower | 19 | |
| Fortress | 2 | |
| Great Hall | 2 | |
| Tauren Totem | 2 | |
| Beastiary | 3 | |
51 total
» build order
00:13 Altar of Storms
00:21 Orc Burrow
00:58 Barracks
01:25 Orc Burrow
02:20 Orc Burrow
03:39 Stronghold
03:43 War Mill
04:16 Voodoo Lounge
05:35 Orc Burrow
06:31 Spirit Lodge
06:38 Watch Tower
07:36 Watch Tower
08:38 Fortress
11:04 Great Hall
11:39 Orc Burrow
11:58 Tauren Totem
12:34 Tauren Totem
14:45 Orc Burrow
15:18 Watch Tower
16:07 Orc Burrow
19:23 Great Hall
19:32 Watch Tower
21:40 Orc Burrow
27:18 Voodoo Lounge
28:33 Watch Tower
31:17 Altar of Storms
32:35 Orc Burrow
34:01 Orc Burrow
34:25 Stronghold
35:02 War Mill
35:42 Orc Burrow
36:21 Watch Tower
36:49 Beastiary
37:12 Beastiary
37:25 Watch Tower
38:03 Orc Burrow
38:39 Watch Tower
38:53 Beastiary
39:09 Watch Tower
39:48 Watch Tower
40:35 Watch Tower
40:42 Watch Tower
42:02 Orc Burrow
43:32 Watch Tower
43:46 Fortress
43:51 Watch Tower
43:56 Watch Tower
44:05 Watch Tower
45:46 Watch Tower
45:48 Watch Tower
46:28 Watch Tower
» items
| Orb of Lightning | 1 | |
| Scroll of Town Portal | 2 | |
| Potion of Healing | 3 | |
6 total
supernintendo11 (
yellow | 46 APM | 1695 actions | 36:45)
7 Naga Sea Witch
3 Forked Lightning
3 Mana Shield
1 Tornado
» actions
| Basic commands | 47 | |
| Build / train | 73 | |
| Enter build submenu | 15 | |
| Enter hero's abilities submenu | 7 | |
| Give item / drop item | 1 | |
| Remove unit from queue | 1 | |
| Right click | 1130 | |
| Select / deselect | 363 | |
| Use ability | 58 | |
1695 total
» units
| Acolyte | 2 | |
| Ghoul | 3 | |
| Crypt Fiend | 9 | |
| Blue Drake | 3 | |
| Frost Wyrm | 6 | |
| Blue Dragon | 1 | |
| Blue Dragon Whelp | 1 | |
25 total
» upgrades
| Creature Attack | 3 | |
| Creature Carapace | 3 | |
| Web | 1 | |
| Burrow | 1 | |
| Freezing Breath | 1 | |
9 total
» buildings
| Ziggurat | 6 | |
| Altar of Darkness | 1 | |
| Crypt | 1 | |
| Graveyard | 1 | |
| Nerubian Tower | 5 | |
| Tomb of Relics | 1 | |
| Halls of the Dead | 1 | |
| Black Citadel | 1 | |
| Sacrificial Pit | 1 | |
| Spirit Tower | 4 | |
| Boneyard | 1 | |
23 total
» build order
00:13 Ziggurat
00:15 Altar of Darkness
00:36 Crypt
01:00 Graveyard
01:20 Nerubian Tower
01:21 Nerubian Tower
01:42 Ziggurat
03:02 Tomb of Relics
03:42 Halls of the Dead
04:06 Ziggurat
05:14 Nerubian Tower
05:26 Ziggurat
06:40 Nerubian Tower
06:46 Black Citadel
07:56 Ziggurat
08:05 Sacrificial Pit
08:57 Spirit Tower
08:58 Spirit Tower
11:50 Spirit Tower
11:51 Spirit Tower
12:44 Ziggurat
13:14 Boneyard
14:03 Nerubian Tower
» items
| Scroll of Town Portal | 1 | |
| Orb of Corruption | 1 | |
| Potion of Healing | 1 | |
| Rod of Necromancy | 1 | |
| Boots of Speed | 1 | |
| Scroll of Healing | 1 | |
| Potion of Lesser Invulnerability | 1 | |
7 total
MrJsD (
red | 23 APM | 1116 actions | 48:40)
8 Dark Ranger
3 Black Arrow
3 Silence
1 Charm
1 Life Drain
» actions
| Assign group hotkey | 78 | |
| Basic commands | 163 | |
| Build / train | 71 | |
| Enter build submenu | 21 | |
| Enter hero's abilities submenu | 8 | |
| Give item / drop item | 3 | |
| Remove unit from queue | 6 | |
| Right click | 348 | |
| Select / deselect | 297 | |
| Select group hotkey | 63 | |
| Use ability | 58 | |
1116 total
» units
| Wisp | 22 | |
| Archer | 1 | |
| Huntress | 9 | |
| Chimaera | 8 | |
40 total
» upgrades
| Strength of the Wild | 2 | |
| Reinforced Hides | 2 | |
| Corrosive Breath | 1 | |
5 total
» buildings
| Moon Well | 6 | |
| Altar of Elders | 1 | |
| Ancient of War | 3 | |
| Hunter's Hall | 1 | |
| Tree of Ages | 1 | |
| Tree of Life | 4 | |
| Tree of Eternity | 1 | |
| Ancient of Wind | 1 | |
| Chimaera Roost | 4 | |
| Ancient Protector | 1 | |
23 total
» build order
00:20 Moon Well
00:23 Altar of Elders
00:54 Ancient of War
01:24 Moon Well
03:25 Ancient of War
03:30 Hunter's Hall
03:33 Ancient of War
03:35 Moon Well
03:57 Tree of Ages
04:08 Moon Well
05:48 Tree of Life
06:22 Tree of Eternity
07:27 Ancient of Wind
07:34 Moon Well
07:34 Moon Well
08:51 Chimaera Roost
08:52 Chimaera Roost
08:54 Chimaera Roost
10:27 Chimaera Roost
13:44 Ancient Protector
14:17 Tree of Life
17:01 Tree of Life
22:24 Tree of Life
» items
| Scroll of Town Portal | 2 | |
| Potion of Healing | 3 | |
| Scroll of Speed | 2 | |
| Healing Salve | 1 | |
| Lesser Clarity Potion | 1 | |
9 total

»
walls-of-china (
green | 51 APM | 2699 actions | 52:31)
6 Goblin Tinker
3 Pocket Factory
2 Cluster Rockets
1 Robo-Goblin
» actions
| Assign group hotkey | 183 | |
| Basic commands | 182 | |
| Build / train | 70 | |
| Enter build submenu | 23 | |
| Enter hero's abilities submenu | 6 | |
| Give item / drop item | 6 | |
| Remove unit from queue | 1 | |
| Right click | 977 | |
| Select / deselect | 271 | |
| Select group hotkey | 875 | |
| Use ability | 105 | |
2699 total
» units
| Peasant | 11 | |
| Goblin Shredder | 2 | |
| Gryphon Rider | 9 | |
| Goblin Sapper | 5 | |
27 total
» upgrades
| Lumber Harvesting | 1 | |
| Swords | 3 | |
| Armor | 3 | |
| Storm Hammers | 1 | |
| Animal War Training | 1 | |
9 total
» buildings
| Altar of Kings | 1 | |
| Farm | 13 | |
| Scout Tower | 9 | |
| Arcane Tower | 1 | |
| Lumber Mill | 1 | |
| Keep | 2 | |
| Blacksmith | 1 | |
| Barracks | 1 | |
| Arcane Vault | 1 | |
| Castle | 1 | |
| Gryphon Aviary | 4 | |
| Guard Tower | 5 | |
| Town Hall | 3 | |
43 total
» build order
00:23 Altar of Kings
00:30 Farm
00:45 Scout Tower
01:13 Arcane Tower
01:43 Farm
01:58 Lumber Mill
02:31 Keep
03:09 Blacksmith
03:11 Barracks
04:05 Farm
04:06 Farm
04:07 Farm
04:08 Farm
04:08 Farm
04:10 Farm
04:10 Farm
04:12 Farm
04:26 Arcane Vault
05:35 Castle
06:36 Gryphon Aviary
06:45 Gryphon Aviary
06:56 Gryphon Aviary
07:42 Guard Tower
13:24 Town Hall
13:53 Town Hall
13:56 Scout Tower
13:56 Scout Tower
13:57 Scout Tower
13:57 Scout Tower
14:26 Guard Tower
15:10 Scout Tower
15:10 Scout Tower
16:04 Guard Tower
16:04 Guard Tower
16:07 Scout Tower
16:07 Scout Tower
17:03 Guard Tower
19:14 Farm
19:14 Farm
19:15 Farm
19:33 Gryphon Aviary
21:29 Town Hall
25:54 Keep
» items
| Staff of Teleportation | 1 | |
| Ivory Tower | 3 | |
| Potion of Healing | 2 | |
| Potion of Mana | 1 | |
| Lesser Clarity Potion | 1 | |
| Scroll of Town Portal | 5 | |
| Scroll of Regeneration | 2 | |
| Orb of Fire | 1 | |
| Boots of Speed | 1 | |
17 total
team 2 (loser)
Da-BANKER (
orange | 70 APM | 3692 actions | 52:29)
7 Archmage
3 Blizzard
3 Brilliance Aura
1 Mass Teleport
7 Paladin
3 Holy Light
2 Divine Shield
1 Devotion Aura
1 Resurrection
6 Mountain King
3 Storm Bolt
2 Bash
1 Avatar
4 Shadow Hunter
1 Hex
2 Healing Wave
1 Big Bad Voodoo
» actions
| Assign group hotkey | 36 | |
| Basic commands | 327 | |
| Build / train | 142 | |
| Enter build submenu | 42 | |
| Enter hero's abilities submenu | 24 | |
| Give item / drop item | 3 | |
| Remove unit from queue | 12 | |
| Right click | 1229 | |
| Select / deselect | 810 | |
| Select group hotkey | 845 | |
| Use ability | 222 | |
3692 total
» units
| Peasant | 24 | |
| Troll Batrider | 6 | |
| Wind Rider | 7 | |
| Tauren | 1 | |
| Shaman | 2 | |
| Dragonhawk Rider | 8 | |
| Gryphon Rider | 5 | |
| Peon | 9 | |
| Goblin Zeppelin | 1 | |
63 total
» upgrades
| Masonry | 2 | |
| Cloud | 1 | |
| Storm Hammers | 1 | |
4 total
» buildings
| Altar of Kings | 2 | |
| Farm | 16 | |
| Arcane Vault | 2 | |
| Lumber Mill | 3 | |
| Keep | 2 | |
| Castle | 2 | |
| Town Hall | 2 | |
| Scout Tower | 20 | |
| Guard Tower | 10 | |
| Gryphon Aviary | 4 | |
| Orc Burrow | 7 | |
| Great Hall | 2 | |
| Altar of Storms | 1 | |
| Stronghold | 2 | |
| War Mill | 1 | |
| Beastiary | 3 | |
| Voodoo Lounge | 1 | |
| Fortress | 1 | |
81 total
» build order
00:17 Altar of Kings
00:34 Farm
01:09 Arcane Vault
01:15 Farm
02:29 Lumber Mill
02:39 Lumber Mill
02:49 Lumber Mill
02:54 Keep
02:58 Farm
03:38 Farm
05:20 Castle
05:59 Town Hall
08:11 Scout Tower
08:12 Scout Tower
08:12 Scout Tower
08:13 Scout Tower
08:13 Scout Tower
08:14 Scout Tower
08:14 Scout Tower
08:15 Scout Tower
08:15 Scout Tower
08:16 Scout Tower
08:17 Scout Tower
08:40 Guard Tower
10:02 Guard Tower
11:37 Guard Tower
12:09 Scout Tower
12:09 Scout Tower
12:12 Scout Tower
12:13 Scout Tower
12:13 Scout Tower
12:14 Scout Tower
12:15 Scout Tower
13:49 Guard Tower
13:51 Guard Tower
13:51 Guard Tower
14:00 Guard Tower
14:03 Guard Tower
14:38 Guard Tower
18:01 Gryphon Aviary
18:02 Gryphon Aviary
18:04 Gryphon Aviary
18:08 Gryphon Aviary
19:06 Farm
19:07 Farm
19:08 Farm
19:08 Farm
19:10 Farm
19:10 Farm
19:10 Farm
20:26 Arcane Vault
22:06 Altar of Kings
22:31 Keep
22:53 Orc Burrow
23:15 Farm
25:19 Castle
29:58 Farm
30:11 Great Hall
32:42 Farm
32:44 Farm
33:53 Town Hall
36:32 Orc Burrow
36:35 Altar of Storms
37:16 Stronghold
37:16 Stronghold
37:34 Great Hall
38:50 War Mill
38:52 Orc Burrow
39:53 Beastiary
39:55 Beastiary
39:56 Beastiary
39:59 Orc Burrow
40:58 Orc Burrow
41:02 Voodoo Lounge
44:56 Orc Burrow
45:00 Orc Burrow
45:33 Fortress
» items
| Scroll of Regeneration | 1 | |
| Lesser Clarity Potion | 2 | |
| Boots of Speed | 2 | |
| Staff of Teleportation | 4 | |
| Orb of Fire | 2 | |
| Potion of Healing | 1 | |
| Circlet of Nobility | 2 | |
| Periapt of Vitality | 1 | |
| Potion of Lesser Invulnerability | 1 | |
| Scroll of Town Portal | 3 | |
19 total

»
kidcookies (
blue | 38 APM | 682 actions | 18:05)
4 Blademaster
2 Mirror Image
2 Wind Walk
2 Shadow Hunter
1 Healing Wave
1 Hex
1 Tauren Chieftain
1 Endurance Aura
» actions
| Assign group hotkey | 19 | |
| Basic commands | 1 | |
| Build / train | 64 | |
| Enter build submenu | 22 | |
| Enter hero's abilities submenu | 7 | |
| Give item / drop item | 8 | |
| Remove unit from queue | 2 | |
| Right click | 227 | |
| Select / deselect | 239 | |
| Select group hotkey | 34 | |
| Use ability | 59 | |
682 total
» units
| Peon | 15 | |
| Grunt | 5 | |
| Shaman | 3 | |
| Tauren | 4 | |
| Troll Witch Doctor | 4 | |
| Troll Batrider | 5 | |
36 total
» upgrades
| Armor | 3 | |
| Shaman Training | 2 | |
| Witch Doctor Training | 2 | |
| Melee Weapons | 2 | |
| Pulverize | 1 | |
| Liquid Fire | 0 | |
10 total
» buildings
| Altar of Storms | 1 | |
| Orc Burrow | 9 | |
| Barracks | 1 | |
| War Mill | 1 | |
| Voodoo Lounge | 1 | |
| Stronghold | 1 | |
| Great Hall | 2 | |
| Fortress | 1 | |
| Spirit Lodge | 2 | |
| Tauren Totem | 2 | |
| Beastiary | 2 | |
23 total
» build order
00:11 Altar of Storms
00:14 Orc Burrow
00:59 Barracks
01:29 War Mill
01:36 Voodoo Lounge
02:09 Orc Burrow
03:11 Stronghold
04:18 Orc Burrow
05:20 Great Hall
06:20 Fortress
06:42 Spirit Lodge
07:05 Orc Burrow
07:53 Spirit Lodge
08:24 Orc Burrow
08:56 Tauren Totem
10:10 Tauren Totem
10:14 Orc Burrow
10:18 Orc Burrow
13:54 Beastiary
14:57 Orc Burrow
14:59 Orc Burrow
16:03 Great Hall
16:51 Beastiary
» items
| Healing Salve | 2 | |
| Scroll of Town Portal | 1 | |
| Orb of Lightning | 1 | |
4 total

»
ahhhhhhhhhhhhhh (
teal | 25 APM | 445 actions | 17:57)
3 Shadow Hunter
2 Healing Wave
1 Serpent Ward
» actions
| Build / train | 56 | |
| Enter build submenu | 22 | |
| Enter hero's abilities submenu | 3 | |
| Remove unit from queue | 5 | |
| Right click | 172 | |
| Select / deselect | 161 | |
| Use ability | 26 | |
445 total
» units
| Peon | 10 | |
| Grunt | 1 | |
| Troll Headhunter/Berserker | 16 | |
| Wind Rider | 6 | |
33 total
» upgrades
| Ranged Weapons | 3 | |
| Armor | 3 | |
| Troll Regeneration | 1 | |
| Envenomed Spears | 1 | |
| Berserker Upgrade | 1 | |
| Spiked Barricades | 1 | |
| Reinforced Defenses | 1 | |
11 total
» buildings
| Barracks | 2 | |
| Orc Burrow | 6 | |
| Altar of Storms | 1 | |
| War Mill | 1 | |
| Stronghold | 1 | |
| Beastiary | 2 | |
| Fortress | 1 | |
| Watch Tower | 2 | |
16 total
» build order
00:27 Barracks
00:52 Orc Burrow
00:56 Altar of Storms
01:13 War Mill
02:25 Orc Burrow
02:48 Barracks
03:25 Stronghold
04:25 Orc Burrow
04:52 Orc Burrow
06:01 Beastiary
06:08 Beastiary
09:00 Fortress
09:10 Orc Burrow
09:17 Watch Tower
14:02 Orc Burrow
14:08 Watch Tower
» items
123as (
pink | 31 APM | 564 actions | 18:05)
4 Shadow Hunter
2 Healing Wave
2 Hex
» actions
| Assign group hotkey | 11 | |
| Basic commands | 24 | |
| Build / train | 49 | |
| Enter build submenu | 11 | |
| Enter hero's abilities submenu | 4 | |
| Remove unit from queue | 1 | |
| Right click | 185 | |
| Select / deselect | 145 | |
| Select group hotkey | 104 | |
| Use ability | 30 | |
564 total
» units
| Peon | 13 | |
| Troll Batrider | 9 | |
| Wind Rider | 7 | |
29 total
» upgrades
| Ranged Weapons | 3 | |
| Armor | 3 | |
| Liquid Fire | 1 | |
| Envenomed Spears | 1 | |
8 total
» buildings
| Orc Burrow | 5 | |
| Altar of Storms | 1 | |
| Stronghold | 1 | |
| Voodoo Lounge | 1 | |
| War Mill | 1 | |
| Beastiary | 2 | |
| Fortress | 1 | |
12 total
» build order
00:09 Orc Burrow
00:22 Altar of Storms
01:07 Orc Burrow
02:21 Stronghold
02:56 Voodoo Lounge
03:23 War Mill
04:22 Orc Burrow
04:56 Beastiary
05:00 Beastiary
05:02 Fortress
05:23 Orc Burrow
14:54 Orc Burrow
» items
Chat log
(00:27 / Allies) DementedElf: melee docs
(02:58 / Allies) walls-of-china: check out this guy
(07:49 / Allies) MrJsD: creep ;0
(07:51 / Allies) MrJsD: :)*
(08:19 / Allies) DementedElf: hit mid together all of us?
(08:24 / Allies) MrJsD: yeah
(09:22 / Allies) MrJsD: any 1 got extra wood?
(10:07 / Allies) MrJsD: got web ?
(11:03 / Allies) MrJsD: expo
(11:05 / Allies) MrJsD: plz
(11:40 / Allies) MrJsD: out
(11:41 / Allies) MrJsD: tom uc otwer
(14:03 / Allies) MrJsD: yealo buy some tp
(14:45 / Allies) MrJsD: all togehter
(14:58 / Allies) DementedElf: they are here
(15:22 / Allies) MrJsD: come all
(16:05 / Allies) MrJsD: googog
(16:11 / Allies) MrJsD: gogoog
(16:13 / Allies) MrJsD: hit
(18:11 / Allies) DementedElf: pussies
(18:20 / All) walls-of-china: leave orange you have been dominated
(19:03 / Allies) DementedElf: red share control so i can snag hero real fast?
(19:13 / Allies) DementedElf: nvm
(23:17 / Allies) MrJsD: green?
(23:19 / Allies) MrJsD: wahty ou dont
(24:23 / Allies) MrJsD: hit
(24:24 / Allies) MrJsD: googo
(24:26 / Allies) MrJsD: fast
(24:38 / Allies) DementedElf: green wtf
(24:45 / Allies) MrJsD: all
(24:47 / Allies) MrJsD: go hit
(24:48 / Allies) MrJsD: purple
(24:49 / All) walls-of-china: lawl
(24:49 / Allies) MrJsD: go hit
(24:51 / Allies) MrJsD: dont wait
(24:53 / Allies) DementedElf: greens attacking
(24:54 / Allies) DementedElf: me
(24:56 / Allies) MrJsD: i know
(24:59 / Allies) MrJsD: just go on orange base
(25:00 / Allies) MrJsD: freen
(25:13 / Allies) MrJsD: gren stop plz
(25:14 / Allies) DementedElf: wtf was that for
(25:22 / Allies) MrJsD: why that fununy?
(25:26 / All) walls-of-china: good job
(25:29 / All) walls-of-china: orange lolz
(25:33 / All) Da-BANKER: =DDDDDDDDDDD
(25:38 / All) walls-of-china: red has no base
(25:47 / Allies) MrJsD: green comon man ..
(26:17 / Allies) DementedElf: thanks red
(26:17 / All) walls-of-china: dr stuck llolz
(26:37 / Allies) MrJsD: gren explain me y you do that
(26:46 / All) walls-of-china: for fun
(26:46 / All) walls-of-china: red
(26:54 / Allies) MrJsD: well can you kill orange for fun ?
(26:56 / All) walls-of-china: i am the joker, orange is batman
(26:57 / Allies) MrJsD: i think that mor funy
(27:07 / All) Da-BANKER: ahahahah
(27:17 / All) walls-of-china: yellow base down, batman
(28:20 / All) walls-of-china: do u want a crystal orb, orange
(28:22 / All) walls-of-china: all yours
(28:29 / All) Da-BANKER: sure
(28:44 / All) Da-BANKER: TY
(28:44 / All) walls-of-china: good work
(28:49 / All) Da-BANKER: <3
(29:00 / All) walls-of-china: purple sitll has 80 food army of tauren
(29:06 / All) walls-of-china: very dangerous, arent u purple
(29:08 / Allies) MrJsD: wuw green?
(29:19 / All) walls-of-china: i want my father to love me, red
(29:20 / All) walls-of-china: and mother
(29:21 / Allies) MrJsD: last chance purple
(29:24 / Allies) MrJsD: just go on tower
(29:25 / Allies) MrJsD: now
(29:32 / Allies) MrJsD: fast
(29:40 / Allies) MrJsD: yeallo
(29:41 / Allies) MrJsD: go
(29:45 / Allies) MrJsD: more
(29:45 / All) Da-BANKER: LMAOOOOO
(29:47 / Allies) MrJsD: more fowar
(29:50 / Allies) MrJsD: more foawer
(29:53 / Allies) MrJsD: pURPLLLE FOWARD
(29:57 / Allies) MrJsD: WTFFF
(30:34 / Allies) MrJsD: that no fun at all
(30:37 / Allies) DementedElf: so green
(30:39 / All) walls-of-china: u are safe
(30:40 / Allies) MrJsD: how can kill hi self can be fun
(30:40 / All) walls-of-china: orange
(30:42 / Allies) DementedElf: we are going to lose then?
(30:46 / All) Da-BANKER: <33333333333333333
(30:49 / All) walls-of-china: talk to orange, purple
(30:54 / All) walls-of-china: he determiens who wins
(30:58 / All) Da-BANKER: hey purple
(31:07 / All) DementedElf: you are going to win then?
(31:12 / All) Da-BANKER: maybe
(31:23 / Allies) MrJsD: wow
(31:36 / All) DementedElf: can i win?
(31:44 / Allies) MrJsD: we deserve the win
(32:20 / All) DementedElf: so you guys are buddies?
(32:24 / All) walls-of-china: close
(32:26 / All) Da-BANKER: besties
(32:43 / All) DementedElf: oh ok i see
(32:46 / All) walls-of-china: we are a part of a secret society- warcraft 3 legends
(32:55 / Allies) supernintendo11: secret gay society
(33:00 / All) MrJsD: ok well all that recorded and send to blizard
(33:09 / All) Da-BANKER: LAWL
(33:11 / All) DementedElf: so then who gets the win between you two?
(33:23 / Allies) MrJsD: I hioe you car bout your cd key and the 1000$ RPI
(33:28 / All) Da-BANKER: we both win
(33:29 / All) walls-of-china: orange could beat me easily look at what he has and then me
(33:47 / All) MrJsD: well is a RPI of 1000$ and both cd key banned
(33:47 / All) DementedElf: yea
(34:00 / All) walls-of-china: lawl
(34:06 / All) walls-of-china: rpi?
(34:21 / All) MrJsD: goo see blizard rule before play you acepted them lol
(34:56 / All) MrJsD: i hope your mom love you :S
(35:06 / All) MrJsD: she will probalby paid for u
(35:09 / All) walls-of-china: so how are all of u
(35:14 / All) walls-of-china: any christmas shopping done
(35:39 / All) walls-of-china: shit
(35:43 / All) walls-of-china: u got my ralied units
(35:44 / All) walls-of-china: orange
(35:46 / All) walls-of-china: u maphack?
(35:53 / All) Da-BANKER: lawllllllll
(36:06 / Allies) MrJsD: just leave now green
(36:21 / Allies) supernintendo11: leave faggot green
(36:28 / Allies) supernintendo11: you ugly nerd, no girlfriend loser
(36:29 / All) walls-of-china: why? i still got a chance vs oj
(36:37 / Allies) MrJsD: you will not take your cahcne
(36:39 / Allies) supernintendo11: green is a gay fag nerd who never had a girlfriend
(36:54 / All) walls-of-china: yellow raged lolz
(36:58 / All) Da-BANKER: ahah
(37:17 / All) walls-of-china: da banker sounds familiar, u post on any replay sites or wc3 forums?
(38:08 / Allies) MrJsD: jsute leave green plz
(38:25 / All) walls-of-china: purple we got this
(38:26 / All) walls-of-china: man
(38:28 / All) walls-of-china: we can take this guy
(38:41 / Allies) MrJsD: yes we can
(38:47 / Allies) MrJsD: jsut give me controle of your unit
(39:13 / Allies) DementedElf: maybe
(39:55 / All) walls-of-china: bad boy red
(40:01 / All) walls-of-china: dont kill my tinker's factories
(40:14 / Allies) MrJsD: use bat
(40:17 / Allies) MrJsD: good
(40:39 / Allies) MrJsD: green ow stop
(40:41 / Allies) MrJsD: now*
(40:44 / All) walls-of-china: ok
(40:44 / All) walls-of-china: red
(40:57 / All) walls-of-china: let me tp staff up there with u
(41:19 / Allies) DementedElf: haha you will get stuck i think
(41:38 / Allies) DementedElf: croweded right
(42:00 / All) walls-of-china: i thought we won this for sure
(42:02 / All) walls-of-china: what happened
(42:13 / Allies) MrJsD: we will
(42:20 / Allies) MrJsD: purple can ya shared controle for bat?
(43:03 / Allies) MrJsD: use bat
(43:22 / Allies) MrJsD: back on towe
(43:48 / Allies) MrJsD: tower uo lots more
(44:17 / All) walls-of-china: that was a niec silence
(44:42 / All) walls-of-china: u know whats gonn ahappen right purple? Ur gonna be stuck on that island ur almost out of gold
(44:53 / All) walls-of-china: better buy a zepplin
(45:11 / Allies) MrJsD: well green
(45:14 / Allies) MrJsD: if ya can help us
(45:22 / All) walls-of-china: ok
(45:22 / All) walls-of-china: red
(45:48 / Allies) MrJsD: bat
(45:49 / Allies) MrJsD: bat
(45:49 / Allies) MrJsD: abt
(45:50 / Allies) MrJsD: abt
(45:53 / Allies) MrJsD: lol
(45:56 / All) walls-of-china: lolz
(46:02 / Allies) MrJsD: i tell you to saheer controle
(46:05 / All) Da-BANKER: ROFL
(46:06 / Allies) MrJsD: and dont listen to green lol
(46:16 / Allies) MrJsD: omg
(46:21 / All) walls-of-china: u want to know my aka, red?
(46:28 / All) walls-of-china: it is kodos_Forsaken, a legend at 4v4
(46:37 / All) Da-BANKER: my aka is massing-heroes
(46:49 / All) walls-of-china: lots of usernames like that i probably played u before
(46:59 / All) Da-BANKER: yea i played wioth kodos
(47:18 / All) walls-of-china: naw i aint him i just tell people that, some usualy get a kick out of it
(47:29 / All) Da-BANKER: =D
(47:45 / All) walls-of-china: archmage vs tinker battle before i go?
(48:09 / Allies) MrJsD: ok leave now
(48:18 / All) Da-BANKER: tinker will rape am
(48:39 / All) Da-BANKER: i have blizz lol
(49:04 / All) Da-BANKER: =D
(49:09 / All) DementedElf: why is oj better than you?
(49:15 / All) walls-of-china: well
(49:22 / All) walls-of-china: ive been playing since 2004
(49:25 / All) walls-of-china: in that time
(49:28 / All) walls-of-china: 100% 4v4rt
(49:33 / All) walls-of-china: 100% right clicking heros for me
(49:48 / All) walls-of-china: did u know ricethebackstab oj?
(49:57 / All) Da-BANKER: no lol
(49:58 / All) DementedElf: no i mean why does he get the win and you dont?
(50:12 / All) walls-of-china: he earned it
(50:15 / All) walls-of-china: 1v4
(50:24 / All) Da-BANKER: ty mate
(50:26 / All) DementedElf: it was not 1v4
(50:28 / All) Da-BANKER: GG
(50:33 / All) walls-of-china: how wasnt it?
(50:33 / All) DementedElf: it was 5v3
(50:38 / All) Da-BANKER: LOL
(50:50 / All) walls-of-china: wait
(50:53 / All) walls-of-china: u gonna search after?
(50:56 / All) walls-of-china: ill be inc lan ggl
(51:03 / All) walls-of-china: clan ggl
(51:03 / All) DementedElf: wjo
(51:09 / All) DementedElf: me?
(51:18 / All) walls-of-china: u probably dont want to plsy with me purple
(51:37 / All) DementedElf: i know i dont thats why i didnt think you were talking to me
(51:40 / All) walls-of-china: this was a fun game
(52:06 / All) DementedElf: it was pussy game
(52:10 / All) walls-of-china: oj earned it man
(52:23 / All) Da-BANKER: tyyyyyyyy green
(52:26 / All) DementedElf: he probably never eatned a thing in his life